 Dungeon Crawl Stone Soup version 0.27-a0-760-gc38aae387d (webtiles) character file.

Game seed: 16841274514885732260

102 polve the Slasher (level 4, -3/35 HPs)
             Began as a Demonspawn Abyssal Knight on Mar 24, 2021.
             Was a Follower of Lugonu.
             Slain by an orc wizard
             ... wielding a +0 dagger
              (5 damage)
             ... on level 3 of the Dungeon.
             The game lasted 00:01:06 (2155 turns).

polve the Slasher (Demonspawn Abyssal Knight)       Turns: 2155, Time: 00:01:07

Health: -3/35      AC:  5    Str: 12    XL:     4   Next: 50%
Magic:  5/5        EV: 11    Int: 15    God:    Lugonu [*.....]
Gold:   67         SH:  0    Dex: 12    Spells: 3/3 levels left

rFire    . . .     SeeInvis .   a - +1 falchion
rCold    . . .     Faith    .   (no shield)
rNeg     . . .     Spirit   .   b - +0 leather armour
rPois    .         Reflect  .   (no helmet)
rElec    .         Harm     .   (no cloak)
rCorr    .         Rampage  .   (no gloves)
Will     .....                  (no boots)
Stlth    ..........             (no amulet)
HPRegen  0.11/turn              (no ring)
MPRegen  0.09/turn              (no ring)

@: confused
A: hooves 2, yellow scales 1
a: Renounce Religion, Depart the Abyss


You were on level 3 of the Dungeon.
You worshipped Lugonu.
Lugonu was aware of your devotion.
You visited 1 branch of the dungeon, and saw 3 of its levels.
You visited the Abyss 1 time.

You collected 67 gold pieces.

Inventory:

Hand Weapons
 a - a +1 falchion (weapon)
Armour
 b - a +0 leather armour (worn)
Jewellery
 f - a ring of fire
Scrolls
 d - a scroll of enchant armour {unknown}
 h - a scroll of vulnerability {unknown}
 i - a scroll of random uselessness {unknown}
 k - a scroll of enchant weapon {unknown}
Potions
 c - a potion of attraction {unknown}
 e - 2 potions of brilliance {unknown}
 g - a potion of flight {unknown}
 j - a potion of lignification {unknown}


   Skills:
 - Level 3.0 Fighting
 + Level 4.4 Long Blades
 - Level 1.7 Armour
 - Level 0.8 Dodging
 - Level 2.4 Invocations


You had 3 spell levels left.
You didn't know any spells.
Your spell library contained the following spells:

 Spells                   Type           Power      Damage    Failure   Level
 Animate Skeleton         Necr           0%         N/A       34%         1
 Apportation              Tloc           0%         N/A       34%         1
 Corona                   Hex            0%         N/A       34%         1
 Summon Small Mammal      Summ           0%         N/A       34%         1


Dungeon Overview and Level Annotations

Branches:
Dungeon (3/15)

Altars:
Elyvilon
Sif Muna
Uskayaw
Zin


Innate Abilities, Weirdness & Mutations

You have hoof-like feet.
You are partially covered in yellow scales. (AC +2)


Message History

The orc wizard points at you and mumbles some strange words.
The magic dart hits you!
You barely miss the orc wizard.
The orc wizard is lightly wounded.
You slash the orc wizard!
The orc wizard is heavily wounded.
The orc wizard hits you but does no damage.
The orc wizard casts a spell at you. You resist with some effort.
You hit the orc wizard.
The orc wizard is severely wounded.
The orc wizard hits you with a +0 dagger.
The orc wizard casts a spell at you. The magic dart hits you!
You hit the orc wizard but do no damage.
You kick the orc wizard.
The orc wizard is almost dead.
The orc wizard misses you.
The orc wizard gestures at you while chanting.
The puff of flame hits you!
* * * LOW HITPOINT WARNING * * *
You closely miss the orc wizard.
The orc wizard is almost dead.
The orc wizard hits you but does no damage.
The orc wizard casts a spell at you.
You are confused.
The orc wizard gestures at you while chanting.
The puff of flame hits you.
* * * LOW HITPOINT WARNING * * *
You slash the orc wizard!
You kill the orc wizard!
Lugonu accepts your kill.
The orc wizard hits you but does no damage.
You're too confused to move!
The orc closely misses you.
The orc wizard hits you but does no damage.
You hit the orc wizard.
The orc wizard is moderately wounded.
The orc hits you but does no damage.
The orc wizard hits you with a +0 dagger.
You die...

## .. ###.
...# ##..
#####
#...##...##
♣.ooo♣.<#
#...##@..##
..o.o..
#####
....o.#
......
#..### #..
#.


You could see an orc wizard and 2 orcs.

Vanquished Creatures
  An orc wizard (D:3)
  A gnoll (D:1)
  3 adders (D:2)
  A dart slug (D:1)
  An orc (D:3)
  7 ball pythons
  2 giant cockroaches
  5 goblins
  3 hobgoblins
  3 kobolds
  A quokka (D:2)
  6 bats
  2 frilled lizards (D:1)
  A rat (D:2)
37 creatures vanquished.

Notes
Turn   | Place    | Note
-------+----------+-------------------------------------------
     0 | Abyss:1  | polve the Demonspawn Abyssal Knight began the quest for the
                  | Orb.
     0 | Abyss:1  | Reached XP level 1. HP: 18/18 MP: 2/2
    43 | Abyss:1  | Found a corrupted altar of Lugonu.
   136 | Abyss:1  | Noticed a small abomination
   137 | D:1      | Escaped the Abyss
   176 | D:1      | Reached skill level 2 in Long Blades
   434 | D:1      | Reached * piety under Lugonu
   485 | D:1      | Gained mutation: You have large cloven feet. [demonic
                  | ancestry]
   485 | D:1      | Reached XP level 2. HP: 19/24 MP: 3/3
   609 | D:1      | Reached skill level 3 in Long Blades
   895 | D:1      | Gained mutation: You have hoof-like feet. [demonic
                  | ancestry]
   895 | D:1      | Reached XP level 3. HP: 23/29 MP: 4/4
  1771 | D:2      | Found a hide-covered altar of Uskayaw.
  1916 | D:2      | Found a shimmering blue altar of Sif Muna.
  2044 | D:2      | Reached skill level 4 in Long Blades
  2044 | D:2      | Gained mutation: You are partially covered in yellow
                  | scales. (AC +2) [demonic ancestry]
  2044 | D:2      | Reached XP level 4. HP: 35/35 MP: 5/5
  2155 | D:3      | Slain by an orc wizard

Illustrated notes

Levels and vault maps discovered:
D:1:      minmay_arrival_three_doors, layout_basic,
          chequers_serial_rivers_small_a
D:2:      layout_basic, overflow_temple_1_default,
          chequers_temple_overflow_statue_of_worship
D:3:      layout_basic, nicolae_ru_the_path_less_chosen, grunt_ministairs_4

Skill      XL: |  1  2  3 |
---------------+----------+-----
Long Blades    | 2 3 4 |  4.4
Fighting       | |  3.0
Armour         | |  1.7
Dodging        | |  0.8
Invocations    | |  2.4

Action                   |  1- 3 |  4- 6 || total
-------------------------+-------+-------++-------
Melee: Falchion          |    77 |    14 ||    91
       Kick              |     9 |     3 ||    12
Invok: Depart the Abyss  |     1 |       ||     1
Armor: Leather armour    |    30 |     6 ||    36
Dodge: Dodged            |    55 |     5 ||    60
       Rpst.: Falchion   |    13 |     1 ||    14

Table legend: (Time is in decaauts)
 A = Elapsed time spent in this place.
 B = Non-inter-level travel time spent in this place.
 C = Inter-level travel time spent in this place.
 D = Time resting spent in this place.
 E = Time spent auto-exploring this place.
 F = Levels seen in this place.
 G = Mean time per level.
                   A        B        C        D        E       F      G
               +--------+--------+--------+--------+--------+-----+--------+
         Total |   2168 |   2128 |     40 |      0 |   1914 |   4 |  542.0 |
       Dungeon |   2031 |   1991 |     40 |      0 |   1778 |   3 |  677.0 |
         Abyss |    137 |    137 |      0 |      0 |    136 |   1 |  137.0 |
               +--------+--------+--------+--------+--------+-----+--------+

Top non-repeatable levels by time:
     D:1: 1204 daAuts
     D:2: 798 daAuts
 Abyss:1: 137 daAuts
     D:3: 28 daAuts
